 Dungeon Crawl Stone Soup version 0.21.1-72-gffa868e (webtiles) character file.

6476 Doobh the Covert (level 11, -3/72 HPs)
             Began as a Kobold Assassin on Aug 3, 2018.
             Was a Priest of Dithmenos.
             Slain by a two-headed ogre
             ... wielding a cursed -2 giant club
              (27 damage)
             ... on level 9 of the Dungeon on Aug 5, 2018.
             The game lasted 01:47:45 (15874 turns).

Doobh the Covert (Kobold Assassin)                 Turns: 15874, Time: 01:47:46

Health: -3/72      AC:  4    Str:  9    XL:     11   Next: 19%
Magic:  11/11      EV: 19    Int: 13    God:    Dithmenos [***...]
Gold:   606        SH:  0    Dex: 19    Spells: 10/10 levels left

rFire    . . .     SeeInvis .   y - +2 rapier (holy)
rCold    + . .     Gourm    .   (shield restricted)
rNeg     . . .     Faith    .   p - +1 leather armour
rPois    .         Spirit   .   (no helmet)
rElec    .         Reflect  .   a - scarf {cloud immunity}
rCorr    +         Harm     .   (no gloves)
MR       .....                  (no boots)
Stlth    ++++++....             G - amulet of rage
HPRegen  0.22/turn              D - ring of resist corrosion
MPRegen  0.12/turn              w - ring of protection from cold

@: wreathed by umbra
A: small, carnivore
a: Shadow Step, Renounce Religion, Evoke Berserk Rage


You were on level 9 of the Dungeon.
You worshipped Dithmenos.
Dithmenos was most pleased with you.
You were not hungry.

You visited 3 branches of the dungeon, and saw 11 of its levels.

You collected 606 gold pieces.

Inventory:

Hand Weapons
 b - a +0 blowgun
 h - a +0 hunting sling
 y - a +2 rapier of holy wrath (weapon)
Missiles
 e - 11 poisoned needles
 f - 2 curare-tipped needles
 j - 187 stones (quivered)
 E - 72 sling bullets
Armour
 a - a scarf of cloud immunity (worn)
 d - a +3 chain mail
 p - a +1 leather armour (worn)
 v - a scarf of spirit shield
Jewellery
 m - the ring of Qazlal's Outrage {*Drain MP+9 Str+2 Int+6 Stlth-}
   (You found it on level 4 of the Dungeon)

   [ring of loudness]

   It affects your strength (+2).
   It affects your intelligence (+6).
   It affects your magic capacity (+9).
   It causes draining when unequipped.
   It makes you less stealthy.
 w - a ring of protection from cold (right hand)
 D - a ring of resist corrosion (left hand)
 G - an amulet of rage (around neck)
Wands
 B - a wand of iceblast (6)
 I - a wand of polymorph (12)
Scrolls
 k - 3 scrolls of magic mapping
 s - a scroll of fog
 t - a scroll of remove curse
 u - 2 scrolls of identify
 J - 2 scrolls of fear {unknown}
Potions
 i - 4 potions of lignification
 l - 3 potions of degeneration {unknown}
 n - a potion of agility {unknown}
 o - 2 potions of curing {unknown}
 q - a potion of flight {unknown}
 r - a potion of haste {unknown}
 x - a potion of ambrosia {unknown}
 F - a potion of brilliance {unknown}
 H - 2 potions of might {unknown}
Comestibles
 c - a chunk of flesh
 g - 16 rations


   Skills:
 + Level 9.8 Fighting
 - Level 8.1 Short Blades
   Level 1.9 Bows
 + Level 7.8 Throwing
 - Level 4.0 Armour
 + Level 6.9 Dodging
 + Level 10.8 Stealth
 + Level 1.2 Evocations


You had 10 spell levels left.
You didn't know any spells.

Dungeon Overview and Level Annotations

Branches:
Dungeon (9/15)             Temple (1/1) D:4            Lair (1/6) D:8
    Orc (0/2) D:9

Altars:
Ashenzari
Cheibriados
Dithmenos
Elyvilon
Fedhas
Gozag
Hepliaklqana
Kikubaaqudgha
Makhleb
Nemelex Xobeh
Okawaru
Qazlal
Ru
Sif Muna
Trog
Uskayaw
Vehumet
Wu Jian
Xom
Yredelemnul
Zin
The Shining One

Annotations:
D:4 Grinder


Innate Abilities, Weirdness & Mutations

You are small and have problems with some larger weapons.
You are carnivorous and can eat meat at any time.


Message History

y - a +2 rapier of holy wrath (weapon)
You hit the two-headed ogre.
The two-headed ogre is moderately wounded.
The two-headed ogre closely misses you. x2
You hit the two-headed ogre.
The two-headed ogre is moderately wounded.
You hit the two-headed ogre but do no damage.
The two-headed ogre is heavily wounded.
The two-headed ogre completely misses you.
The two-headed ogre closely misses you.
You hit the two-headed ogre but do no damage.
The two-headed ogre is heavily wounded.
The two-headed ogre hits you with a giant club!!
The two-headed ogre barely misses you.
You hit the two-headed ogre but do no damage.
The two-headed ogre is heavily wounded.
You puncture the two-headed ogre!
The two-headed ogre is severely wounded.
The two-headed ogre hits you with a giant club!! x2
You die...

..################...# #
.>...................##########
...............................
#######.##########...##########
###.### #...# # ###.....####
#...# # #.....8.....#
#...##########
###...........#####.............
...............@O()(.(..........
#..8....>.?..8..###############.
#.............## #.
##...........## #.
####.....8.....# #.
..#####...!.#### #.
..............# #.
.................. ..
.#................ ..


You could see a two-headed ogre.

Vanquished Creatures
  A two-headed ogre (D:7)
  A black mamba (Lair:1)
  Prince Ribbit (D:9)
  2 hippogriffs
  A vampire (D:9)
  A wyvern (Lair:1)
  A basilisk (Lair:1)
  A hungry ghost (D:9)
  2 water moccasins
  3 porcupines
  A sky beast (D:6)
  An ice beast (D:9)
  An orc warrior (D:9)
  4 black bears
  8 ogres
  2 wolves
  A phantom (D:7)
  5 centaurs
  4 crocodiles
  3 bullfrogs
  A scorpion (D:4)
  4 wights (D:6)
  2 electric eels
  A crimson imp (D:6)
  A jelly (D:7)
  2 centaur skeletons
  3 orc wizards
  5 hounds
  4 orc priests
  6 iguanas
  2 bullfrog skeletons
  7 worker ants
  A hound zombie (D:9)
  A howler monkey skeleton (D:9)
  4 gnolls (D:5)
  16 adders
  A shadow imp (D:9)
  An adder skeleton (D:4)
  A worm (D:5)
  3 dart slugs
  6 leopard geckos
  18 orcs
  5 bats
  6 giant cockroaches
  A goblin (D:1)
  2 hobgoblins (D:3)
  14 jackals
  3 quokkas
  3 frilled lizards
  A giant cockroach zombie (D:6)
  A jackal zombie (D:6)
  6 kobolds
  7 rats
  A plant (D:7)
184 creatures vanquished.

Vanquished Creatures (others)
  A leopard gecko zombie (D:7)
1 creature vanquished.

Grand Total: 185 creatures vanquished

Notes
Turn   | Place    | Note
-------+----------+-------------------------------------------
     0 | D:1      | Doobh the Kobold Assassin began the quest for the Orb.
     0 | D:1      | Reached XP level 1. HP: 12/12 MP: 1/1
   584 | D:2      | Reached XP level 2. HP: 18/18 MP: 2/2
   869 | D:2      | Reached skill level 6 in Stealth
   869 | D:2      | Reached XP level 3. HP: 17/22 MP: 3/3
  1056 | D:2      | Found an iron altar of Okawaru.
  1146 | D:2      | Reached XP level 4. HP: 20/27 MP: 4/4
  2723 | D:3      | Found a snail-covered altar of Cheibriados.
  2880 | D:3      | Reached skill level 7 in Stealth
  2880 | D:3      | Reached XP level 5. HP: 8/32 MP: 5/5
  3593 | D:3      | Found a deep blue altar of Sif Muna.
  3956 | D:4      | Noticed an ogre
  3972 | D:4      | Killed an ogre
  3972 | D:4      | Reached XP level 6. HP: 37/37 MP: 6/6
  4012 | D:4      | Noticed Grinder
  4333 | D:4      | Found a staircase to the Ecumenical Temple.
  4352 | Temple   | Entered the Ecumenical Temple
  4372 | Temple   | Became a worshipper of Dithmenos the Shadowed
  4606 | D:4      | Reached skill level 1 in Armour
  4918 | D:4      | Reached XP level 7. HP: 33/42 MP: 7/7
  5029 | D:4      | Got a coiled silver ring
  5601 | D:5      | Entered Level 5 of the Dungeon
  6020 | D:5      | Reached * piety under Dithmenos
  6221 | D:5      | Reached skill level 5 in Fighting
  6411 | D:5      | Reached XP level 8. HP: 42/49 MP: 8/8
  7213 | D:5      | Reached skill level 8 in Stealth
  7479 | D:6      | Found an ornate altar of the Wu Jian Council.
  7578 | D:6      | Found a sacrificial altar of Ru.
  7808 | D:6      | Found a hide-covered altar of Uskayaw.
  8342 | D:6      | Reached XP level 9. HP: 57/57 MP: 9/9
  8352 | D:6      | Reached skill level 9 in Stealth
  8381 | D:6      | Identified the ring of Qazlal's Outrage {*Drain MP+9 Str+2 Int+6 Stlth-} (You found it on level 4 of the Dungeon)
  8506 | D:6      | Found a blossoming altar of Fedhas.
  8633 | D:7      | Reached skill level 5 in Short Blades
  9045 | D:7      | Noticed a hippogriff
  9948 | D:8      | Found a staircase to the Lair.
 10840 | D:7      | Killed a hippogriff
 10840 | D:7      | Reached skill level 10 in Stealth
 11046 | D:7      | Reached skill level 1 in Bows
 11232 | D:8      | Noticed a two-headed ogre
 11275 | D:7      | Reached skill level 5 in Throwing
 11760 | D:7      | Killed a two-headed ogre
 11760 | D:7      | Reached skill level 1 in Evocations
 11760 | D:7      | Reached XP level 10. HP: 28/64 MP: 5/10
 12285 | D:7      | Reached ** piety under Dithmenos
 13887 | D:9      | Found a staircase to the Orcish Mines.
 13898 | D:9      | Reached skill level 5 in Dodging
 14800 | D:9      | Noticed a two-headed ogre
 15043 | Lair:1   | Entered Level 1 of the Lair of Beasts
 15139 | Lair:1   | Noticed a black mamba
 15141 | Lair:1   | Killed a black mamba
 15141 | Lair:1   | Reached XP level 11. HP: 71/71 MP: 11/11
 15165 | Lair:1   | Noticed a five-headed hydra
 15291 | D:9      | Noticed Prince Ribbit
 15316 | D:9      | Killed Prince Ribbit
 15524 | D:9      | Reached *** piety under Dithmenos
 15536 | D:9      | Found a shimmering altar of Xom.
 15874 | D:9      | Slain by a two-headed ogre

Skill      XL: |  1  2  3  4  5  6  7  8  9 10 |
---------------+-------------------------------+-----
Stealth        | 6 7 8 10 | 10.8
Dodging        | 2 3 4 6 |  6.9
Throwing       | 3 4 6 7 |  7.8
Fighting       | 3 5 7 8 9 |  9.8
Short Blades   | 3 4 8 |  8.1
Armour         | 1 2 3 4 |  4.0
Bows           | 1 |  1.9
Evocations     | 1 |  1.2

Action                   |  1- 3 |  4- 6 |  7- 9 | 10-12 || total
-------------------------+-------+-------+-------+-------++-------
Melee: Dagger            |    61 |   102 |    74 |       ||   237
       Rapier            |       |       |   273 |   333 ||   606
 Fire: Blowgun           |       |    51 |    72 |    30 ||   153
       Shortbow          |       |       |     9 |    22 ||    31
       Hunting sling     |       |       |       |     4 ||     4
Throw: Stone             |    53 |    12 |     3 |    15 ||    83
 Abil: Evoke Berserk Rag |       |       |     1 |       ||     1
  Use: Scroll            |     5 |     4 |    10 |       ||    19
       Potion            |       |     1 |       |     1 ||     2
 Stab: Sleeping          |     3 |     4 |    16 |     7 ||    30
       Distracted        |       |       |       |     1 ||     1
  Eat: Chunk             |     2 |    13 |    19 |    11 ||    45
       Ration            |       |       |       |     2 ||     2
Armor: Robe              |     5 |       |       |       ||     5
       Leather armour    |       |    41 |    68 |    67 ||   176
Dodge: Dodged            |    35 |    87 |   294 |   269 ||   685
